 Dungeon Crawl Stone Soup version 0.30-a0-824-g6c64550be9 (webtiles) character file.

Game seed: 3268583162663374192

150 Lobster4 the Stinger (level 5, -7/37 HPs)
             Began as a Merfolk Venom Mage on Feb 27, 2023.
             Mangled by a gnoll
             ... wielding a +2 flail of holy wrath
              (10 damage)
             ... on level 2 of the Dungeon.
             The game lasted 00:07:06 (2634 turns).

Lobster4 the Stinger (Merfolk Venom Mage)           Turns: 2634, Time: 00:07:07

Health: -7/37      AC:  3    Str:  7      XL:     5   Next: 32%
Magic:  6/7        EV: 12    Int: 20 (21) God:
Gold:   87         SH:  0    Dex: 12 (13) Spells: 3/8 levels left

rFire   + . .      SeeInvis .    o - +1 short sword (holy)
rCold   + . .      Faith    .    (no shield)
rNeg    . . .      Spirit   .    a - +0 robe
rPois   .          Reflect  .    (no helmet)
rElec   .          Harm     .    n - +0 cloak
rCorr   .          Rampage  .    (no gloves)
Will    .....                    (no boots)
Stlth   ++                       (no amulet)
HPRegen 0.26/turn                g - ring of protection from cold
MPRegen 0.10/turn                (no ring)

@: no status effects
A: (nimble swimmer 2), mertail, clever 1, fire resistance 1, low MP 1
a: no special abilities


You were on level 2 of the Dungeon.
You visited 1 branch of the dungeon, and saw 2 of its levels.

You collected 87 gold pieces.

Inventory:

Hand Weapons
 e - a +0 trident
 m - a +0 dagger
 o - a +1 short sword of holy wrath (weapon)
Missiles
 f - 6 boomerangs
 i - 8 stones
 k - 3 javelins
Armour
 a - a +0 robe (worn)
 d - a +0 leather armour
 n - a +0 cloak (worn)
Jewellery
 g - a ring of protection from cold (left hand)
Scrolls
 c - 3 scrolls of identify {unknown}
 j - 2 scrolls of blinking {unknown}
 l - a scroll of noise {unknown}
 p - a scroll of butterflies {unknown}
Potions
 h - a potion of flight {unknown}


   Skills:
 + Level 1.4 Fighting
 - Level 1.0 Short Blades
 + Level 0.6 Polearms
 - Level 1.0 Throwing
 + Level 0.7 Armour
 + Level 3.2 Dodging
 + Level 2.9 Stealth
 + Level 2.3 Spellcasting
 + Level 0.4 Hexes
 + Level 2.6 Transmutations
 + Level 0.5 Ice Magic
 + Level 0.8 Air Magic
 + Level 3.6 Poison Magic


You had 3 spell levels left.
You knew the following spells:

 Your Spells              Type           Power      Damage    Failure   Level
a - Sting                 Tmut/Pois      56%        1d5       4%          1
b - Poisonous Vapours     Pois/Air       22%        N/A       10%         2
c - Ensorcelled Hibernat  Hex/Ice        8%         N/A       19%         2

Your spell library contained the following spells:

 Spells                   Type           Power      Damage    Failure   Level
 Spider Form              Tmut/Pois      14%        N/A       13%         3
 Mephitic Cloud           Conj/Pois/Air  8%         N/A       26%         3
 Olgreb's Toxic Radiance  Pois           16%        N/A       34%         4
 Anguish                  Hex/Necr       1%         N/A       80%         4


Dungeon Overview and Level Annotations

Branches:
Dungeon (2/15)

Altars:

Shops:
D:2 =


Innate Abilities, Weirdness & Mutations

((You are very nimble when in or above water. (Stealth+, EV+, Speed+++)))
Your lower body shifts to a powerful aquatic tail in water.
Your mind is acute. (Int +4, Str/Dex -1)
Your flesh is heat resistant. (rF+)
Your magical capacity is low. (-10% MP)


Message History

The gnoll barely misses you.
Casting: Sting (safe; 4% risk of failure)
Confirm with . or Enter, or press ? or * to list all spells.
Aiming: Sting (safe; 4% risk of failure)
Press: ? - help, Shift-Dir - straight line, f/p - gnoll
Aim: a gnoll, wielding a +0 flail (moderately wounded, poisoned, 75% to hit)
The sting hits the gnoll.
The gnoll looks even sicker.
The gnoll is moderately wounded.
The gnoll hits you with a +0 flail!
The gnoll looks more healthy.
The gnoll attacks as you move away! The gnoll hits you with a +0 flail.
You kill the gnoll!
Training target 1.0 for Throwing reached!
Your Throwing skill increases to level 1!
Casting: Sting (safe; 4% risk of failure)
Confirm with . or Enter, or press ? or * to list all spells.
Aiming: Sting (safe; 4% risk of failure)
Press: ? - help, Shift-Dir - straight line, f - gnoll
Aim: a gnoll, wielding a +2 flail of holy wrath (moderately wounded, 75% to hit)
The sting hits the gnoll.
The gnoll is poisoned.
The gnoll is heavily wounded.
The gnoll hits you with a +2 flail of holy wrath!
* * * LOW HITPOINT WARNING * * *
Casting: Sting (safe; 4% risk of failure)
Confirm with . or Enter, or press ? or * to list all spells.
Aiming: Sting (safe; 4% risk of failure)
Press: ? - help, Shift-Dir - straight line, f/p - gnoll
Aim: a gnoll, wielding a +2 flail of holy wrath (severely wounded, poisoned, 75% to hit)
The sting misses the gnoll.
The gnoll hits you with a +2 flail of holy wrath!
* * * LOW HITPOINT WARNING * * *
Magic courses through your body. The gnoll closely misses you.
Casting: Sting (safe; 4% risk of failure)
Confirm with . or Enter, or press ? or * to list all spells.
Aiming: Sting (safe; 4% risk of failure)
Press: ? - help, Shift-Dir - straight line, f/p - gnoll
Aim: a gnoll, wielding a +2 flail of holy wrath (severely wounded, poisoned, 75% to hit)
The sting misses the gnoll.
The gnoll hits you with a +2 flail of holy wrath!
You die...

#.# ##### #.# #>..# #.#
#. #...## #.#
#.#####....###.##
#.#...g@........########
#.#.#####...............
#.#)#####+#.†.......####
#.#.##........#####.....
#.#.##........# #.##..
#....+........# #.##..
###.##........# #.#...
#.##........# #.#...
#)##.♣♣♣♣♣#.# #.#...


You could see a gnoll (poisoned).

Vanquished Creatures
  An orc priest (D:2)
  An orc wizard (D:2)
  2 gnolls (D:2)
  2 adders (D:2)
  3 worms (D:2)
  2 dart slugs (D:2)
  An orc (D:2)
  3 endoplasms
  A giant cockroach (D:2)
  4 goblins
  3 hobgoblins
  9 jackals (D:1)
  2 kobolds (D:2)
  2 quokkas
  4 ball pythons
  A bat (D:2)
  4 rats
45 creatures vanquished.

Vanquished Creatures (others)
  4 plants (D:2)
4 creatures vanquished.

Grand Total: 49 creatures vanquished

Notes
Turn   | Place    | Note
-------+----------+-------------------------------------------
     0 | D:1      | Lobster4 the Merfolk Venom Mage began the quest for the
                  | Orb.
     0 | D:1      | Reached XP level 1. HP: 13/13 MP: 3/3
   503 | D:1      | Reached XP level 2. HP: 17/20 MP: 1/5
   513 | D:1      | Learned a level 2 spell: Poisonous Vapours
  1131 | D:2      | Reached skill level 1 in Fighting
  1131 | D:2      | Reached XP level 3. HP: 18/26 MP: 2/6
  1575 | D:2      | Learned a level 2 spell: Ensorcelled Hibernation
  1675 | D:2      | Reached XP level 4. HP: 32/32 MP: 2/7
  1918 | D:2      | HP: 1/32 [something/puff of flame (8)]
  1920 | D:2      | Gained mutation: You occasionally lose the ability to drink
                  | potions when taking damage. [potion of mutation]
  1920 | D:2      | Gained mutation: You are clumsy. (Dex -2) [potion of
                  | mutation]
  1920 | D:2      | Gained mutation: Your spells are a little harder to cast,
                  | but a little more powerful. [potion of mutation]
  1926 | D:2      | Reached XP level 5. HP: 32/37 MP: 1/8
  2089 | D:2      | Found a faded altar of an unknown god.
  2375 | D:2      | Found Diti's Jewellery Boutique.
  2550 | D:2      | Lost mutation: Your spells are a little harder to cast, but
                  | a little more powerful. [potion of mutation]
  2550 | D:2      | Lost mutation: You are clumsy. (Dex -2) [potion of
                  | mutation]
  2550 | D:2      | Lost mutation: You occasionally lose the ability to drink
                  | potions when taking damage. [potion of mutation]
  2550 | D:2      | Gained mutation: Your flesh is heat resistant. (rF+)
                  | [potion of mutation]
  2550 | D:2      | Gained mutation: Your mind is acute. (Int +4, Str/Dex -1)
                  | [potion of mutation]
  2550 | D:2      | Gained mutation: Your magical capacity is low. (-10% MP)
                  | [potion of mutation]
  2616 | D:2      | Reached skill level 1 in Short Blades
  2627 | D:2      | Reached skill level 1 in Throwing
  2634 | D:2      | Mangled by a gnoll

Illustrated notes

Levels and vault maps discovered:
D:1:      dpeg_arrival_brainrot, layout_basic, serial_glass, glass_columns_b,
          glass_columns_c
D:2:      layout_basic, serial_forest, infiniplex_forest_lined_ring,
          infiniplex_forest_lined_ring, infiniplex_forest_straight_4,
          infiniplex_forest_end_1, infiniplex_forest_zigzag_1,
          infiniplex_forest_zigzag_2, infiniplex_forest_corner_2,
          infiniplex_forest_end_1, chequers_ecumenical_altar_simple_redux,
          serial_shops, nicolae_shop_competitors_out_of_business,
          serial_bayou_pond_b

Skill      XL: |  1  2  3  4  5 |
---------------+----------------+-----
Transmutations | 2 |  2.6
Fighting       | 1 |  1.4
Dodging        | 3 |  3.2
Short Blades   | 1 |  1.0
Throwing       | 1 |  1.0
Polearms       | |  0.6
Armour         | |  0.7
Stealth        | |  2.9
Spellcasting   | |  2.3
Hexes          | |  0.4
Ice Magic      | |  0.5
Air Magic      | |  0.8
Poison Magic   | |  3.6

Action                     |  1- 3 |  4- 6 || total
---------------------------+-------+-------++-------
  Melee: Unarmed           |    11 |       ||    11
         Club              |    17 |       ||    17
         Dagger            |     3 |       ||     3
         Punch             |     1 |       ||     1
         Short sword       |     1 |     8 ||     9
  Throw: Javelin           |       |     1 ||     1
   Cast: Sting             |    61 |    37 ||    98
         Poisonous Vapours |     2 |       ||     2
    Use: Potion            |       |     5 ||     5
 Armour: Robe              |    11 |     6 ||    17
  Dodge: Dodged            |    38 |    11 ||    49

Table legend: (Time is in decaauts)
 A = Elapsed time spent in this place.
 B = Non-inter-level travel time spent in this place.
 C = Inter-level travel time spent in this place.
 D = Time resting spent in this place.
 E = Time spent auto-exploring this place.
 F = Levels seen in this place.
 G = Mean time per level.
                   A        B        C        D        E       F      G
               +--------+--------+--------+--------+--------+-----+--------+
         Total |   2640 |   2572 |     68 |    228 |   1841 |   2 | 1320.0 |
       Dungeon |   2640 |   2572 |     68 |    228 |   1841 |   2 | 1320.0 |
               +--------+--------+--------+--------+--------+-----+--------+

Top non-repeatable levels by time:
     D:2: 1432 daAuts
     D:1: 1207 daAuts
